 Dungeon Crawl Stone Soup version 0.31.0-12-g77e489cdc1 (webtiles) character file.

Game seed: 2578957283443504754

59 Curundu the Trooper (level 3, 0/51 HPs)
             Began as a Minotaur Berserker on Mar 7, 2024.
             Was a Follower of Trog.
             Slain by a gnoll
             ... wielding a +0 halberd
              (3 damage)
             ... on level 2 of the Dungeon.
             The game lasted 00:02:58 (1132 turns).

Curundu the Trooper (Minotaur Berserker)            Turns: 1132, Time: 00:02:59

Health: 0/51       AC:  2    Str: 23    XL:     3   Next: 78%
Magic:  2/2        EV: 12    Int:  4    God:    Trog [*.....]
Gold:   47         SH:  0    Dex:  9    Spells: 2/2 levels left

rFire   . . .        a - +0 hand axe
rCold   . . .        (no shield)
rNeg    . . .        b - +0 animal skin
rPois   .            (helmet restricted)
rElec   .            (no cloak)
rCorr   .            (no gloves)
SInv    .            (no boots)
Will    .....        (no amulet) Stlth
                     (no ring)
HPRegen 0.28/turn    (no ring)
MPRegen 0.08/turn

%: no passive effects
@: berserking, very quick
A: horns 2, retaliatory headbutt
a: Renounce Religion, Berserk


You were on level 2 of the Dungeon.
You worshipped Trog.
Trog was aware of your devotion.
You visited 1 branch of the dungeon, and saw 3 of its levels.

You collected 47 gold pieces.

Inventory:

Hand Weapons
 a - a +0 hand axe (weapon)
Armour
 b - a +0 animal skin (worn)
Scrolls
 c - a scroll of identify {unknown}
 e - a scroll of teleportation {unknown}
 f - a scroll of vulnerability {unknown}
 j - a scroll of noise {unknown}
 k - a scroll of fog {unknown}
Potions
 d - a potion of heal wounds {unknown}
 g - a potion of enlightenment {unknown}
 h - 2 potions of might {unknown}
 i - a potion of invisibility {unknown}


   Skills:
 + Level 4.6 Fighting
 + Level 4.5 Axes
 + Level 2.5 Armour
 + Level 2.7 Dodging


You had 2 spell levels left.
You didn't know any spells.
Your spell library was empty.

Dungeon Overview and Level Annotations

Branches:
Dungeon (3/15)

Altars:


Innate Abilities, Weirdness & Mutations

You have a pair of horns on your head.
You reflexively headbutt those who attack you in melee.


Message History

HP restored.
A gnoll comes into view.
It is wielding a +0 club and quivering a throwing net.
The gnoll shouts!
A gnoll comes into view. It is wielding a +0 flail.
A gnoll comes into view. It is wielding a +0 halberd.
The gnoll shouts!
You hit the gnoll but do no damage. You headbutt the gnoll.
The gnoll is moderately wounded.
The gnoll hits you with a +0 club.
You barely miss the gnoll.
You headbutt the gnoll, but do no damage.
The gnoll is moderately wounded.
The gnoll barely misses you.
You hit the gnoll. You headbutt the gnoll.
You kill the gnoll!
Trog accepts your kill.
You barely miss the gnoll. The gnoll hits you with a +0 flail.
You hit the gnoll.
The gnoll is moderately wounded.
The gnoll hits you from afar with a +0 halberd!
The gnoll hits you with a +0 flail.
* * * LOW HITPOINT WARNING * * *
The gnoll hits you from afar with a +0 halberd.
* * * LOW HITPOINT WARNING * * *
The gnoll closely misses you.
Unknown command.
Unknown command.
Unknown command.
A red film seems to cover your vision as you go berserk!
You feel yourself moving faster!
You feel mighty! The gnoll closely misses you. The gnoll barely misses you.
You slash the gnoll!
You kill the gnoll!
Trog accepts your kill. The gnoll barely misses you.
Items here: ( )) ††.
You slash the gnoll!
The gnoll is almost dead.
The gnoll hits you with a +0 halberd.
You die...

.#.##....##
#.# #...
.........# #.#
#... ####...##
#.# #...
#.....# #.#
###.
###.#.#.#####
#.# #.
............#
#.# ##
#.##.....###.#
#.# #
.#........##.#
#.# #
.##......##.#
#@# # #
#......##.#
#g# #
###.##.##.#
#.# #
#...<##.# #..
#### ###..##.#
##. #...
....##># .#
#.## .......
.# #.##
##.##### .#
#######.## #.
#.........


You could see a gnoll.

Vanquished Creatures
  2 gnolls (D:2)
  An adder (D:3)
  3 ribbon worms (D:2)
  2 ball pythons (D:1)
  2 giant cockroaches
  A goblin (D:2)
  4 hobgoblins
  3 kobolds
  A quokka (D:1)
  2 bats (D:2)
  2 frilled lizards
  5 rats
28 creatures vanquished.

Notes
Turn   | Place    | Note
-------+----------+-------------------------------------------
     0 | D:1      | Curundu the Minotaur Berserker began the quest for the Orb.
     0 | D:1      | Reached XP level 1. HP: 19/19 MP: 0/0
   426 | D:1      | Reached XP level 2. HP: 21/27 MP: 1/1
   574 | D:2      | Found Ryecwoan's Weapon Emporium.
   956 | D:2      | Reached XP level 3. HP: 34/34 MP: 2/2
   958 | D:2      | You fall into a shaft and drop 1 floor!
  1128 | D:2      | HP: 1/34 [gnoll/+0 halberd (4)]
  1132 | D:2      | Slain by a gnoll

Illustrated notes

Levels and vault maps discovered:
D:1:      dpeg_arrival_castle, layout_basic, minivault_25
D:2:      layout_loops_ring, serial_shops, nicolae_shop_advertising_works
          [nicolae_subvault_shop_adworks], kennysheep_boxes
D:3:      layout_loops_corners, chequers_ecumenical_altar_grove

Skill      XL: |  1  2 |
---------------+-------+-----
Fighting       | 4 |  4.6
Axes           | 4 |  4.5
Armour         | |  2.5
Dodging        | |  2.7

Action                     || total
---------------------------++-------
  Melee: Hand axe          ||    61
         Headbutt          ||    12
         Punch             ||     1
 Invoke: Berserk           ||     1
 Armour: Animal skin       ||    31
  Dodge: Dodged            ||    50
